 Dungeon Crawl Stone Soup version 0.21.1-1-g345015fe64 (webtiles) character file.

99 KleinerIrrer the Ducker (level 4, -3/31 HPs)
             Began as an Octopode Transmuter on Apr 18, 2018.
             Killed by divine providence
             ... invoked by an orc priest
              (11 damage)
             ... on level 2 of the Dungeon.
             The game lasted 00:02:12 (1821 turns).

KleinerIrrer the Ducker (Octopode Transmuter)       Turns: 1821, Time: 00:02:13

Health: -3/31      AC:  1    Str:  9    XL:     4   Next: 72%
Magic:  7/7        EV: 14    Int: 15    God:
Gold:   77         SH:  0    Dex: 13    Spells: 4/7 levels left

rFire    . . .     SeeInvis .     - Unarmed
rCold    . . .     Gourm    .   (no shield)
rNeg     . . .     Faith    .   (helmet restricted)
rPois    .         Spirit   .   (no amulet)
rElec    .         Reflect  .   (no ring)
rCorr    .         Harm     .   (no ring)
MR       .....                  (no ring)
Stlth    ++........             (no ring)
HPRegen  0.10/turn              (no ring)
MPRegen  0.10/turn              (no ring)
                                (no ring)
                                (no ring)

@: no status effects
A: almost no armour, stealthy swim, amphibious, 8 rings, constrict 8, camouflage
1, gelatinous body 1
a: no special abilities


You were on level 2 of the Dungeon.
You were not hungry.

You visited 1 branch of the dungeon, and saw 2 of its levels.

You collected 77 gold pieces.

Inventory:

Missiles
 a - 79 arrows
Scrolls
 g - a scroll of random uselessness {unknown}
 j - a scroll of magic mapping {unknown}
 n - a scroll of identify {unknown}
 o - 2 scrolls of remove curse {unknown}
Potions
 d - a potion of cancellation {unknown}
 e - a potion of heal wounds {unknown}
 f - a potion of haste {unknown}
 h - a potion of berserk rage {unknown}
 i - 2 potions of flight {unknown}
 k - a potion of agility {unknown}
 m - 2 potions of lignification {unknown}
Books
 b - a book of Changes

   Spells                             Type                      Level
   a - Beastly Appendage              Transmutation                1
   b - Sticks to Snakes               Transmutation                2
   c - Spider Form                    Transmutation/Poison         3
   d - Ice Form                       Ice/Transmutation            4
   e - Blade Hands                    Transmutation                5
Comestibles
 c - 3 rations
 l - 11 chunks of flesh


   Skills:
 + Level 3.1 Fighting
 + Level 3.6 Dodging
 - Level 3.0 Unarmed Combat
 - Level 2.0 Spellcasting
 - Level 2.0 Transmutations


You had 4 spell levels left.
You knew the following spells:

 Your Spells              Type           Power        Failure   Level  Hunger
a - Beastly Appendage     Tmut           #.....       10%         1    #......
b - Sticks to Snakes      Tmut           #.......     14%         2    ###....


Dungeon Overview and Level Annotations

Branches:
Dungeon (2/15)

Altars:


Innate Abilities, Weirdness & Mutations

You cannot wear most types of armour.
You are very stealthy in the water. (Stealth+)
You are amphibious.
You can wear up to eight rings at the same time.
You can use your tentacles to constrict eight enemies at once.
Your skin changes colour to match your surroundings (Stealth+).
Your rubbery body absorbs attacks. (AC +1, EV +1)


Message History

You constrict the orc priest.
The orc priest mumbles some strange prayers to Beogh against you.
Pain shoots through your body!
The orc priest hits you from afar with a trident.
You tentacle-slap the orc priest.
The orc priest is severely wounded.
You constrict the orc priest. The orc wizard hits you with a dagger.
The orc priest hits you but does no damage. x2
You tentacle-slap the orc priest.
The orc priest is almost dead.
You constrict the orc priest.
You kill the orc priest!
Your Fighting skill increases to level 3!
The orc wizard barely misses you.
The orc priest hits you from afar with a trident.
* * * LOW HITPOINT WARNING * * *
The orc wizard barely misses you.
The orc priest mumbles some strange prayers to Beogh against you.
Beogh smites you!
You die...

###### ##.....
##...... #.......
####### ##
#....... #.....##
####.# #.......
.......## #....#
#....... ........#
#....# #.......
........# ##@#
##...... ........#
#####..# ##.......
........###...o.##
###........
..o.....##...####
##..........
....o..###o..#
######..##.......
#...oo.##o.###
#................
######.#..##
#................
####....#
#......รท...#.....
#.......#
#..........######


You could see an orc priest, an orc wizard and an orc.

Vanquished Creatures
  An orc priest (D:2)
  An adder (D:2)
  An ooze (D:1)
  3 dart slugs
  3 leopard geckos (D:1)
  3 bats (D:1)
  2 giant cockroaches (D:1)
  8 goblins
  5 hobgoblins
  3 jackals (D:2)
  4 kobolds
  8 rats
42 creatures vanquished.

Notes
Turn   | Place    | Note
-------+----------+-------------------------------------------
     0 | D:1      | KleinerIrrer the Octopode Transmuter began the quest for the Orb.
     0 | D:1      | Reached XP level 1. HP: 13/13 MP: 3/3
    25 | D:1      | Reached XP level 2. HP: 4/18 MP: 5/5
   318 | D:1      | Learned a level 2 spell: Sticks to Snakes
   366 | D:1      | Reached XP level 3. HP: 18/24 MP: 6/6
  1615 | D:2      | Reached XP level 4. HP: 29/30 MP: 7/7
  1821 | D:2      | Killed from afar by an orc priest

Skill      XL: |  1  2  3  4 |
---------------+-------------+-----
Fighting       | 2 3 |  3.1
Dodging        | 3 |  3.6
Unarmed Combat | |  3.0
Spellcasting   | |  2.0
Transmutations | |  2.0

Action                   |  1- 3 |  4- 6 || total
-------------------------+-------+-------++-------
Melee: Unarmed           |    88 |    26 ||   114
       Constrict         |    25 |     7 ||    32
       Tentacles         |    15 |     5 ||    20
       Punch             |     3 |       ||     3
 Stab: Sleeping          |     4 |     1 ||     5
  Eat: Chunk             |     2 |     1 ||     3
Armor: Skin              |     4 |     1 ||     5
Dodge: Dodged            |    51 |    18 ||    69
